 Dungeon Sprint DCSS version 0.19.1 (webtiles) character file.

86 equalderp2856 the Gouger (level 4, -11/23 HPs)
             Began as a Felid Fighter on Nov 29, 2016.
             Was a Believer of Vehumet.
             Mangled by a dire elephant (34 damage)
             ... in the Dungeon (Sprint IX: "|||||||||||||||||||||||||||||").
             The game lasted 00:01:26 (347 turns).

equalderp2856 the Gouger (Felid Fighter)             Turns: 347, Time: 00:01:26

Health: -11/23     AC:  1    Str: 16    XL:     4   Next: 27%
Magic:  5/5        EV: 24    Int: 10    God:    Vehumet [**....]
Gold:   0          SH:  0    Dex: 15    Spells: 0 memorised, 3 levels left
                                        Lives:  0   Deaths: 1

rFire  . . .     SeeInvis +       - Unarmed
rCold  . . .     Gourm    .     (armour unavailable)
rNeg   . . .     Faith    .     (shield unavailable)
rPois  .         Spirit   .     (helmet unavailable)
rElec  .         Reflect  .     (cloak unavailable)
rCorr  .         Harm     .     (gloves unavailable)
MR     .....     NoTele   +     (boots unavailable)
Stlth  +++.......               (no amulet)
                                m - +3 ring of strength
                                n - +2 ring of evasion

@: quick
A: no armour, no weapons or thrown items, stealth, claws 1, fangs 3, see
invisible, carnivore 3, speed 1, shaggy fur 1, slow metabolism 1, sharp paws
a: Renounce Religion


You were in the Dungeon.
You worshipped Vehumet.
Vehumet was pleased with you.
You were not hungry.

You visited 1 branch

Inventory:

Jewellery
 m - a +3 ring of strength (right paw)
 n - a +2 ring of evasion (left paw)
Wands
 l - a wand of lightning (7/15)
Scrolls
 h - 2 scrolls of blinking
 j - 3 scrolls of remove curse
 k - 2 scrolls of amnesia
Potions
 a - a potion of might
 c - 5 potions of curing
 d - 3 potions of heal wounds
 e - a potion of haste
 f - 4 potions of magic
 g - a potion of berserk rage
 i - a potion of invisibility
Comestibles
 b - 13 meat rations


   Skills:
 + Level 5.0 Fighting
 + Level 7.5 Dodging
 + Level 3.6 Stealth
 + Level 9.3 Unarmed Combat


You had 3 spell levels left.
You didn't know any spells.

Dungeon Overview and Level Annotations

Branches:
Dungeon (1/1)

Altars:
Cheibriados
Dithmenos
Elyvilon
Fedhas
Gozag
Hepliaklqana
Kikubaaqudgha
Makhleb
Nemelex Xobeh
Okawaru
Qazlal
Ru
Sif Muna
Trog
Uskayaw
Vehumet
Xom
Yredelemnul
Zin
The Shining One
Beogh
Jiyva
Lugonu


Innate Abilities, Weirdness & Mutations

You cannot wear armour.
You are incapable of wielding weapons or throwing items.
Your paws allow you to move quietly. (Stealth)
You have sharp claws.
You have razor-sharp teeth.
You have supernaturally acute eyesight. (SInv)
You are carnivorous and can eat meat at any time.
You cover ground quickly.
You are covered in fur. (AC +1)
You have a slow metabolism.
Your sharp claws are effective at attacking unaware monsters.


Message History

An elephant and a dire elephant come into view.
The dire elephant trumpets!
The elephant trumpets!
Found four items.
An elephant comes into view.
An elephant comes into view.
There is an open door here.
You see here a potion of resistance.
The elephant trumpets! x2
You scratch the dire elephant.
The dire elephant is lightly wounded.
The dire elephant tramples you but does no damage.
The dire elephant misses you.
An elephant comes into view.
You scratch the dire elephant but do no damage.
You bite the dire elephant, but do no damage.
You scratch the dire elephant.
The dire elephant is lightly wounded.
The dire elephant tramples you!!
Ouch! That really hurt!
You die...

▓H▓
▓.▓
▓z▓
▓[▓
▓u▓
▓[▓
▓T▓
▓[▓
▓†▓
▓[▓
▓.▓
▓.▓
▓.▓
▓%▓
▓.▓
▓'▓
▓)▓
▓@▓
▓.▓
▓Y▓
▓'▓
▓Y▓
▓.▓
▓Y▓
▓.▓
▓Y▓
▓[▓
▓.▓
▓[▓
▓Y▓
▓[▓
▓.▓
▓)▓


You could see a dire elephant and 4 elephants.

Vanquished Creatures
  An ogre (D)
  A crimson imp (D)
  A hound (D)
  A shadow imp (D)
  An ooze (D)
  3 orcs (D)
  A giant cockroach (D)
  A hobgoblin (D)
  A jackal (D)
  A bat (D)
  A frilled lizard (D)
  A giant cockroach zombie (D)
  A kobold (D)
  A rat (D)
16 creatures vanquished.

Notes
Turn   | Place    | Note
-------+----------+-------------------------------------------
     0 | D        | equalderp2856 the Felid Fighter began the quest for the Orb.
     0 | D        | Reached XP level 1. HP: 10/10 MP: 2/2
   117 | D        | Reached skill level 5 in Dodging
   117 | D        | Reached skill level 5 in Unarmed Combat
   117 | D        | Reached XP level 2. HP: 14/14 MP: 3/3
   122 | D        | Reached skill level 1 in Stealth
   244 | D        | Found a roughly hewn altar of Beogh.
   244 | D        | Found a snail-covered altar of Cheibriados.
   244 | D        | Found a shadowy altar of Dithmenos.
   244 | D        | Found a white marble altar of Elyvilon.
   244 | D        | Found a blossoming altar of Fedhas.
   244 | D        | Found an opulent altar of Gozag.
   245 | D        | Found a hazy altar of Hepliaklqana.
   246 | D        | Found a viscous altar of Jiyva.
   247 | D        | Found an ancient bone altar of Kikubaaqudgha.
   248 | D        | Found a corrupted altar of Lugonu.
   249 | D        | Found a burning altar of Makhleb.
   254 | D        | Found a sparkling altar of Nemelex Xobeh.
   255 | D        | Found an iron altar of Okawaru.
   256 | D        | Found a stormy altar of Qazlal.
   257 | D        | Found a sacrificial altar of Ru.
   258 | D        | Found a deep blue altar of Sif Muna.
   259 | D        | Found a bloodstained altar of Trog.
   260 | D        | Found a hide-covered altar of Uskayaw.
   261 | D        | Found a radiant altar of Vehumet.
   262 | D        | Found a shimmering altar of Xom.
   263 | D        | Found a basalt altar of Yredelemnul.
   264 | D        | Found a glowing silver altar of Zin.
   265 | D        | Found a glowing golden altar of the Shining One.
   269 | D        | Became a worshipper of Vehumet
   293 | D        | Noticed an ogre
   293 | D        | Noticed a crimson imp
   301 | D        | Killed a crimson imp
   301 | D        | Reached skill level 6 in Unarmed Combat
   301 | D        | Reached XP level 3. HP: 18/18 MP: 4/4
   304 | D        | Reached * piety under Vehumet
   304 | D        | Offered knowledge of Freeze by Vehumet.
   310 | D        | Killed an ogre
   310 | D        | Reached skill level 8 in Unarmed Combat
   310 | D        | Reached XP level 4. HP: 22/22 MP: 5/5
   310 | D        | Reached XP level 5. HP: 25/25 MP: 6/6
   318 | D        | Reached ** piety under Vehumet
   318 | D        | Reached skill level 5 in Fighting
   318 | D        | Reached skill level 9 in Unarmed Combat
   324 | D        | Noticed a rakshasa
   324 | D        | Noticed a hippogriff
   324 | D        | Noticed a cyan ugly thing
   324 | D        | Noticed a troll
   330 | D        | Mangled by a troll
   331 | D        | Reached XP level 4. HP: -12/23 MP: 5/5
   342 | D        | Noticed a dire elephant
   342 | D        | Noticed an elephant
   343 | D        | Noticed an elephant
   344 | D        | Noticed an elephant
   346 | D        | Noticed an elephant
   347 | D        | Mangled by a dire elephant

Skill      XL: |  1  2  3  4  5 |
---------------+----------------+-----
Dodging        | 5 7 |  7.5
Unarmed Combat | 5 6 8 9 |  9.3
Stealth        | 1 3 |  3.6
Fighting       | 4 5 |  5.0

Action                   |  1- 3 |  4- 6 || total
-------------------------+-------+-------++-------
Melee: Unarmed           |    57 |    17 ||    74
       Bite              |     5 |     3 ||     8
 Stab: Sleeping          |     2 |       ||     2
Armor: Skin              |     1 |     2 ||     3
Dodge: Dodged            |    38 |    18 ||    56
